 Dungeon Crawl Stone Soup version 0.28-a0-2-g643f2454ad (webtiles) character file.

Game seed: 12900613814872526988

696474 Wyvernaa the Slayer (level 27, -1/165 HPs)
             Began as a Vine Stalker Fighter on July 21, 2021.
             Was the Champion of Okawaru.
             Slain by an acid blob (14 damage)
             ... created by the Royal Jelly
             ... on level 5 of the Pits of Slime on July 22, 2021.
             The game lasted 05:11:00 (74937 turns).

Wyvernaa the Slayer (Vine Stalker Fighter)         Turns: 74937, Time: 05:11:01

Health: -1/165     AC: 30    Str: 30    XL:     27
Magic:  0/58       EV:  9    Int:  8    God:    Okawaru [******]
Gold:   9807       SH: 30    Dex: 23    Spells: 68/68 levels left

rFire   + + +      SeeInvis +   F - +8 demon blade "Leech" {vamp, *Rage +Rage rN+}
rCold   + + +      Faith    .   u - +2 tower shield {AC+3}
rNeg    + + .      Spirit   +   i - +6 gold dragon scales
rPois   +          Reflect  +   B - +1 hat {Will+}
rElec   +          Harm     .   f - +1 cloak {Will+}
rCorr   +          Rampage  +   O - +2 pair of gloves of the Desert {Rampage rElec rPois rCorr}
Will    +++++      Rnd*Rage +   q - +2 pair of boots {rampage}
Stlth   ..........              o - amulet of Leaves {Reflect +Blink rElec rF++ Dex+3 SH+5}
HPRegen 1.37/turn               M - ring "Naiqadint" {rPois rF+ rN+ MP+9}
MPRegen 0.36/turn               t - ring "Poetre" {Ice Str+4 Slay+6 SInv}

@: about to teleport, resistant, corroded, on berserk cooldown, slowed, studying
2 skills, very slow
A: fangs 3, regeneration 1, magic shield, antimagic bite, no potion heal 2,
horns 1, poison resistance
}: 3/15 runes: decaying, silver, gossamer
a: Renounce Religion, Evoke Blink, Evoke Berserk Rage, Heroism, Finesse


You were on level 5 of the Pits of Slime.
You worshipped Okawaru.
Okawaru was exalted by your worship.
You visited 12 branches of the dungeon, and saw 57 of its levels.
You visited the Abyss 1 time.
You also visited: Trove and Volcano.

You collected 12651 gold pieces.
You spent 2844 gold pieces at shops.

Inventory:

Hand Weapons
 F - the +8 demon blade "Leech" (weapon) {vamp, *Rage +Rage rN+}
   (You took it off an ogre mage on level 5 of the Vaults)

   It heals its wielder for a portion of the damage dealt every time it strikes
   a living foe.
   rN:        It protects you from negative energy.
   +Rage:     It lets you go berserk.
   *Rage:     It may make you go berserk in combat.
 L - the +6 dagger "Miestotidi" {antimagic, Contam rC+ Str+8 Int+2}
   (Okawaru gifted it to you on level 4 of the Depths)

   It reduces the magical energy of the wielder, and disrupts the spells and
   magical abilities of those it strikes.
   Natural abilities and divine invocations are not affected.
   Str:       It affects your strength (+8).
   Int:       It affects your intelligence (+2).
   rC:        It protects you from cold.
   Contam:    It causes magical contamination when unequipped.
Missiles
 z - 48 silver javelins (quivered)
Armour
 a - a +2 helmet of see invisible
 f - a +1 cloak of willpower (worn)
 i - +6 gold dragon scales (worn)
 l - the +1 cloak of Starlight {*Dazzle EV+4 Stlth--}
   (Okawaru gifted it to you on level 2 of the Elven Halls)

   It may blind those who miss an attack against the wearer in melee combat.
   EV:        It affects your evasion (+4).
   Stlth:     It makes you much less stealthy.
 q - a +2 pair of boots of rampaging (worn)
 u - a +2 tower shield of protection (worn)
 B - a +1 hat of willpower (worn)
 O - the +2 pair of gloves of the Desert (worn) {Rampage rElec rPois rCorr}
   (You acquired it on level 2 of the Orcish Mines)

   rElec:     It insulates you from electricity.
   rPois:     It protects you from poison.
   rCorr:     It protects you from acid and corrosion.
   Rampage:   It bestows one free step when moving towards enemies.
 W - the +18 shield of the Gong {rElec rN+ Will+ EV-5}
   (You bought it in a shop on level 15 of the Dungeon)

   It is deafeningly noisy when blocking attacks.
   EV:        It affects your evasion (-5).
   rElec:     It insulates you from electricity.
   rN:        It protects you from negative energy.
   Will:      It increases your willpower.
Jewellery
 h - the ring of the Hare {EV+8}
   (You found it on level 10 of the Dungeon)

   [ring of evasion]

   EV:        It affects your evasion (+8).
 j - a +4 ring of slaying
 o - the amulet of Leaves (around neck) {Reflect +Blink rElec rF++ Dex+3 SH+5}
   (You acquired it on level 8 of the Dungeon)

   [amulet of reflection]

   It reflects blocked missile attacks.
   Dex:       It affects your dexterity (+3).
   rF:        It greatly protects you from fire.
   rElec:     It insulates you from electricity.
   +Blink:    It lets you blink.
   SH:        It affects your SH (+5).
 p - a ring of fire
 t - the ring "Poetre" (right hand) {Ice Str+4 Slay+6 SInv}
   (You took it off a purple draconian on level 1 of the Realm of Zot)

   [ring of ice]

   It enhances your ice magic.
   Str:       It affects your strength (+4).
   Slay:      It affects your accuracy & damage with ranged weapons and melee
   (+6).
   rF:        It makes you vulnerable to fire.
   rC:        It protects you from cold.
   SInv:      It lets you see invisible.
 C - a ring of protection from cold
 M - the ring "Naiqadint" (left hand) {rPois rF+ rN+ MP+9}
   (You took it off an orc knight on level 15 of the Dungeon)

   [ring of magical power]

   rF:        It protects you from fire.
   rPois:     It protects you from poison.
   rN:        It protects you from negative energy.
   MP:        It affects your magic capacity (+9).
Wands
 d - a wand of charming (46)
 g - a wand of flame (65)
 s - a wand of polymorph (56)
 v - a wand of paralysis (70)
 w - a wand of iceblast (88)
 E - a wand of acid (9)
 K - a wand of mindburst (74)
 V - a wand of digging (16)
Scrolls
 b - 3 scrolls of holy word
 c - 11 scrolls of identify
 m - 6 scrolls of enchant weapon
 n - a scroll of brand weapon
 A - 2 scrolls of silence
 G - 15 scrolls of teleportation
 J - 3 scrolls of fear
 R - 13 scrolls of fog
 T - 2 scrolls of summoning
 Y - 2 scrolls of magic mapping
Potions
 e - 19 potions of curing
 k - 13 potions of haste
 r - 4 potions of invisibility
 x - 4 potions of resistance
 D - 13 potions of flight
 H - 9 potions of mutation
 N - 13 potions of brilliance
 S - 5 potions of cancellation
 U - 5 potions of magic
 Z - 4 potions of might


   Skills:
 + Level 23.7 Fighting
 - Level 14.0(14.8) Short Blades
 - Level 8.6(12.3) Long Blades
 - Level 16.0 Throwing
 + Level 18.7 Armour
 + Level 6.2 Dodging
 - Level 2.5 Stealth
 - Level 15.2 Shields
 * Level 21.3 Spellcasting
 * Level 20.8 Invocations
 * Level 9.8 Evocations


You had 68 spell levels left.
You didn't know any spells.
Your spell library contained the following spells:

 Spells                   Type           Power      Damage    Failure   Level
 Animate Skeleton         Necr           16%        N/A       89%         1
 Apportation              Tloc           16%        N/A       89%         1
 Beastly Appendage        Tmut           16%        N/A       89%         1
 Corona                   Hex            8%         N/A       89%         1
 Freeze                   Ice            48%        1d7       89%         1
 Magic Dart               Conj           32%        1d4       89%         1
 Pain                     Necr           32%        1d5       89%         1
 Sandblast                Erth           16%        2d6       89%         1
 Shock                    Conj/Air       32%        1d5       89%         1
 Summon Small Mammal      Summ           32%        N/A       89%         1
 Call Imp                 Summ           8%         N/A       96%         2
 Corpse Rot               Necr/Air       N/A        N/A       96%         2
 Passwall                 Tmut/Erth      6%         N/A       96%         2
 Poisonous Vapours        Pois/Air       16%        N/A       96%         2
 Slow                     Hex            8%         N/A       96%         2
 Static Discharge         Conj/Air       8%         N/A       96%         2
 Sublimation of Blood     Necr           4%         N/A       96%         2
 Wereblood                Tmut           8%         N/A       96%         2
 Call Canine Familiar     Summ           8%         N/A       99%         3
 Confusing Touch          Hex            8%         N/A       99%         3
 Dazzling Flash           Conj/Hex       16%        N/A       99%         3
 Frozen Ramparts          Ice            24%        1d4       99%         3
 Gell's Gravitas          Tloc           4%         N/A       99%         3
 Ignite Poison            Fire/Tmut/Pois 8%         N/A       99%         3
 Lesser Beckoning         Tloc           4%         N/A       99%         3
 Mephitic Cloud           Conj/Pois/Air  8%         N/A       99%         3
 Ozocubu's Armour         Ice            12%        N/A       99%         3
 Portal Projectile        Hex/Tloc       16%        N/A       99%         3
 Stone Arrow              Conj/Erth      16%        3d8       99%         3
 Swiftness                Air            8%         N/A       99%         3
 Teleport Other           Tloc           8%         N/A       99%         3
 Vampiric Draining        Necr           4%         2d6       99%         3
 Airstrike                Air            4%         N/A       100%        4
 Animate Dead             Necr           4%         N/A       100%        4
 Dispel Undead            Necr           8%         3d8       100%        4
 Fulminant Prism          Conj/Hex       4%         3d6       100%        4
 Hailstorm                Conj/Ice       12%        3d5       100%        4
 Ice Form                 Ice/Tmut       12%        N/A       100%        4
 Iskenderun's Mystic Bla  Conj/Tloc      8%         2d4       100%        4
 Leda's Liquefaction      Hex/Erth       4%         N/A       100%        4
 Petrify                  Tmut/Erth      8%         N/A       100%        4
 Sticky Flame             Conj/Fire      8%         2d3       100%        4
 Summon Ice Beast         Ice/Summ       12%        N/A       100%        4
 Summon Lightning Spire   Summ/Air       8%         N/A       100%        4
 Alistair's Intoxication  Tmut/Pois      5%         N/A       100%        5
 Blade Hands              Tmut           4%         N/A       100%        5
 Bolt of Magma            Conj/Fire/Erth 4%         4d5       100%        5
 Borgnjor's Vile Clutch   Necr/Erth      4%         N/A       100%        5
 Excruciating Wounds      Necr           4%         N/A       100%        5
 Fireball                 Conj/Fire      4%         3d4       100%        5
 Freezing Cloud           Conj/Ice/Air   6%         6-21      100%        5
 Iskenderun's Battlesphe  Conj           8%         2d6       100%        5
 Lee's Rapid Deconstruct  Erth           4%         3d6*      100%        5
 Lightning Bolt           Conj/Air       4%         1d15      100%        5
 Manifold Assault         Tloc           8%         N/A       100%        5
 Metabolic Englaciation   Hex/Ice        6%         N/A       100%        5
 Yara's Violent Unravell  Hex/Tmut       4%         3d4       100%        5
 Conjure Ball Lightning   Conj/Air       4%         3x3d6     100%        6
 Death Channel            Necr           4%         N/A       100%        6
 Dispersal                Tloc           4%         N/A       100%        6
 Invisibility             Hex            4%         N/A       100%        6
 Simulacrum               Ice/Necr       6%         N/A       100%        6
 Starburst                Conj/Fire      4%         8x6d3     100%        6
 Statue Form              Tmut/Erth      5%         N/A       100%        6
 Haunt                    Necr/Summ      4%         N/A       100%        7
 Malign Gateway           Summ/Tloc      4%         N/A       100%        7
 Spellforged Servitor     Conj/Summ      4%         N/A       100%        7
 Summon Hydra             Summ           4%         N/A       100%        7
 Borgnjor's Revivificati  Necr           4%         N/A       100%        8
 Discord                  Hex            4%         N/A       100%        8
 Disjunction              Tloc           4%         N/A       100%        8
 Ignition                 Fire           4%         3d4       100%        8
 Infestation              Necr           4%         N/A       100%        8
 Maxwell's Capacitive Co  Air            4%         ∞         100%        8
 Necromutation            Tmut/Necr      4%         N/A       100%        8
 Summon Horrible Things   Summ           4%         N/A       100%        8
 Death's Door             Necr           4%         N/A       100%        9
 Fire Storm               Conj/Fire      4%         8d1       100%        9
 Shatter                  Erth           4%         3d7*      100%        9


Dungeon Overview and Level Annotations

Branches:
Dungeon (15/15)            Temple (1/1) D:6            Lair (5/6) D:8
  Swamp (4/4) Lair:2       Spider (4/4) Lair:4        Slime (5/5) Lair:5
    Orc (2/2) D:10            Elf (3/3) Orc:2        Vaults (5/5) D:14
  Crypt (3/3) Vaults:3       Tomb (0/3) Crypt:3      Depths (5/5) D:15
    Zot (5/5) Depths:5    Volcano (visited)

Altars:
Ashenzari
Cheibriados
Dithmenos
Elyvilon
Fedhas
Gozag
Hepliaklqana
Kikubaaqudgha
Makhleb
Nemelex Xobeh
Okawaru
Qazlal
Ru
Sif Muna
Trog
Uskayaw
Vehumet
Wu Jian
Xom
Yredelemnul
Zin
The Shining One
Beogh
Jiyva

Shops:
D:15 [?!   Orc:1 (   Orc:2 ?(??   Elf:3 =   Vaults:1 :(   Depths:1 (*
Depths:4 :=:

Portals:
Hell: Depths:1 Depths:2 Depths:3 Depths:4 Depths:5
Abyss: D:10 Depths:2 Depths:4
Pandemonium: Depths:2 Depths:3 Depths:5
Ziggurat: Depths:4

Annotations:
Vaults:2 2 transporters
Vaults:4 2 transporters
Depths:3 2 runed translucent doors, Qiadic's ghost, adept HaHu
Depths:4 1 runed translucent door


Innate Abilities, Weirdness & Mutations

You have razor-sharp teeth.
Your natural rate of healing is unusually fast.
When hurt, damage is shared between your health and your magic reserves.
Your bite disrupts and absorbs the magic of your enemies.
Potions cannot restore your health.
You have a pair of small horns on your head.
Your system is resistant to poisons. (rPois)


Message History

The quicksilver ooze barely misses your slime creature.
You block the acid blob's attack. The acid blob spits acid at you.
The splash of acid hits you but does no damage.
You are splashed with acid!
You resist.
* * * LOW HITPOINT WARNING * * *
You block the acid blob's attack.
The rockslime hits your slime creature!!
Your slime creature holds its ground!
The acid blob spits acid at you.
The splash of acid reflects off an invisible shield around you!
The splash of acid hits the acid blob.
The acid blob completely resists.
The acid blob hits you but does no damage.
The quicksilver ooze hits your slime creature.
The quicksilver ooze hits your slime creature!
Your slime creature dies!
The acid blob hits you but does no damage.
The acid blob misses you.
The acid blob hits you but does no damage.
Your slime creature jiggles.
Your slime creature hits the quicksilver ooze.
The azure jelly hits you but does no damage. x3
The azure jelly barely misses you. The acid blob hits you!!
* * * LOW HITPOINT WARNING * * *
You are splashed with acid.
You resist.
* * * LOW HITPOINT WARNING * * *
Your slime creature misses the quicksilver ooze.
The acid blob hits you.
* * * LOW HITPOINT WARNING * * *
You are splashed with acid.
You resist.
* * * LOW HITPOINT WARNING * * *
The quicksilver ooze hits your shining eye!
The quicksilver ooze hits your shining eye.
Your shining eye's magic leaks into the air.
Okay, then.
Okay, then.
Okay, then.
You feel protected. You block the acid blob's attack. The acid blob hits you!!
You die...

#.......................*,,,*,
#.....................###*****
#....................##**,,*,*
##...........J...J....#*,,,,**
#........J......J...##*,,,,,*
###.....J............#**,,,**
#.........JJJG.......***,,,*
##........JJJ........,***,**
##......JJ@JJ.......,,*****
*#........JGJ........,,,**,,
#.........JJ.........,,,,,,,
#.....#...JJ.........,,,,,,,
#..#####.#.^...J.....,,,,,,,
##.* ####..........,,,,,,, #,*
##.........,,,,,,, ***
*##.......,,,,,,,,
*,,......,,,,,,,,,


You could see 6 acid blobs, 9 azure jellies, a great orb of eyes, 2 rockslimes,
3 quicksilver oozes, 2 friendly slime creatures and a friendly shining eye
(summoned).

Vanquished Creatures
  the Royal Jelly (Slime:5)
  4 orbs of fire
  An ancient lich (Zot:5)
  The ghost of Qanuace the Warrior, a veteran DsFi of Okawaru (Vaults:4)
  Boris (twice) (Vaults:4 Depths:2)
  the Lernaean hydra (Swamp:4)
  Margery (Depths:1)
  A shard shrike (Zot:5)
  Bai Suzhen (Elf:3)
  The ghost of AgonHex the Hoplite, a veteran HOFi of Qazlal (Vaults:4)
  7 Killer Klowns
  3 curse toes
  The ghost of Hali the Executioner, a veteran FoFi of Dithmenos (Crypt:3)
  The ghost of Ugguttuj the Peltast, a veteran DrWn of Okawaru (Vaults:4)
  Saint Roka (Depths:1)
  8 golden dragons
  A bone dragon (Crypt:3)
  The ghost of Getoffmy the Slayer, a veteran GrFi of Wu Jian (Vaults:4)
  3 electric golems
  The ghost of Quudwopt the Impaler, an adept MfGl of Okawaru (Vaults:1)
  Rupert (Lair:5)
  25 Orb Guardians (Zot:5)
  12 tentacled monstrosities
  A lich (Crypt:3)
  9 titans (Vaults:5)
  11 acid blobs
  3 deep elf blademasters (Elf:3)
  4 deep elf master archers (Elf:3)
  13 quicksilver dragons
  5 sphinxes
  9 ancient champions
  A sphinx (shapeshifter) (Depths:5)
  11 death cobs
  3 azure jellies
  7 draconian monks
  Gastronok (Lair:3)
  19 storm dragons
  8 rockslimes
  9 tengu reavers
  9 shadow dragons
  Kirke (D:14)
  Donald (Vaults:1)
  A thorn hunter (Swamp:1)
  Roxanne (Elf:3)
  9 draconian knights
  5 fire giants
  2 revenants
  10 draconian scorchers
  18 vault wardens
  An iron dragon (Depths:2)
  12 deep elf sorcerers
  6 emperor scorpions
  An orc warlord (Vaults:1)
  8 frost giants
  A caustic shrike zombie (Depths:1)
  5 draconian shifters
  Louise (Elf:2)
  6 deep elf elementalists
  6 ghost moths
  10 draconian stormcallers
  2 spriggan defenders (Depths:5)
  6 draconian annihilators
  4 ghouls
  A war gargoyle (Vaults:5)
  2 quicksilver oozes (Slime:1)
  21 ironbound preservers
  18 stone giants
  2 reapers
  47 very ugly things
  15 vampire knights
  4 deep elf demonologists
  27 purple draconians
  4 dire elephants
  10 black draconians
  9 green draconians
  3 deep elf annihilators (Elf:3)
  7 yellow draconians
  7 red draconians
  2 entropy weavers
  9 white draconians
  5 bunyips
  6 spark wasps
  4 eleionomae
  A crystal guardian (Vaults:3)
  5 eidola
  9 deep elf death magi
  12 ettins
  Josephine (Lair:5)
  A mummy priest (Crypt:3)
  A quicksilver dragon zombie (Crypt:1)
  A shambling mangrove (Swamp:4)
  A merfolk impaler (Depths:5)
  14 yaktaur captains
  10 jiangshi
  7 deep elf high priests
  8 fire dragons
  A great orb of eyes (shapeshifter) (Vaults:5)
  Fannar (Lair:1)
  A salamander tyrant (D:15)
  The ghost of quinnr the Stormcaller, a journeyman TeAE of Vehumet (Lair:4)
  5 ironbound thunderhulks
  10 ice dragons
  6 rakshasas
  A hell beast (Depths:5)
  36 vault guards
  A peacekeeper (Vaults:4)
  25 hydras
  11 great orbs of eyes
  5 spriggan air magi
  8 ironbound frosthearts
  4 ghost crabs
  A catoblepas (Lair:5)
  11 boulder beetles
  8 ogre magi
  6 deep troll shamans
  7 two-headed ogres
  The ghost of fiver49 the Spear-Bearer, a novice NaWn of Fedhas (D:10)
  33 dancing weapons
  7 death knights
  6 death yaks (Lair:5)
  19 centaur warriors
  9 alligators
  8 tengu warriors
  13 deep troll earth magi
  5 vampire magi
  5 ironbound beastmasters
  7 spriggan berserkers
  A shock serpent (shapeshifter) (Vaults:5)
  2 thrashing horrors (Abyss:3)
  A sun demon (Volcano)
  2 soul eaters
  5 orc high priests
  Sonja (Orc:2)
  A wretched star (Abyss:3)
  4 hell knights (Depths:1)
  3 shadow wraiths
  22 deep elf knights
  63 slime creatures
  6 iron trolls
  22 skeletal warriors
  5 goliath frogs
  A golden dragon zombie (Crypt:1)
  A salamander mystic (D:15)
  A glowing orange brain (shapeshifter) (Elf:2)
  A torturous demonspawn (Depths:1)
  53 deep trolls
  A fire crab (shapeshifter) (Vaults:1)
  14 bog bodies
  2 storm dragon skeletons
  11 swamp dragons
  A deep troll (shapeshifter) (Elf:1)
  A ghost moth zombie (Crypt:2)
  An infernal demonspawn (Depths:5)
  3 spriggan druids
  2 golden dragon skeletons (Crypt:1)
  A gelid demonspawn (Depths:5)
  5 flayed ghosts
  7 glowing orange brains
  2 obsidian statues
  11 deep elf archers
  A tengu zombie (Depths:1)
  6 lindwurms
  33 deep elf pyromancers
  11 wizards
  11 necromancers
  12 orc knights
  A sphinx zombie (Crypt:2)
  12 phantasmal warriors
  2 harpies (D:14)
  10 orb spiders
  19 ironbound convokers
  32 deep elf zephyrmancers
  An iron dragon zombie (Crypt:1)
  Pikel (D:7)
  21 wolf spiders
  7 manticores
  A wolf spider (shapeshifter) (Vaults:4)
  A shadow dragon skeleton (Depths:1)
  8 orc sorcerers
  3 salamanders (D:15)
  21 moths of wrath
  3 toenail golems (D:10)
  56 ugly things
  2 stone giant skeletons
  4 will-o-the-wisps
  A manticore (shapeshifter) (Vaults:5)
  A moth of wrath (shapeshifter) (Vaults:5)
  7 cyclopes
  19 vault sentinels
  A shock serpent zombie (Crypt:1)
  A rust devil (Depths:5)
  4 black mambas
  4 elephants (Lair:4)
  10 cane toads
  A water nymph (shapeshifter) (Vaults:5)
  2 smoke demons
  A dire elephant skeleton (Crypt:2)
  2 eyes of devastation
  A gargoyle (D:12)
  A torpor snail (Spider:3)
  6 unseen horrors
  51 yaktaurs
  An emperor scorpion zombie (Crypt:3)
  A kobold demonologist (D:7)
  3 ice devils
  A tormentor (Depths:2)
  10 freezing wraiths
  11 komodo dragons
  4 rime drakes
  4 demonic crawlers
  4 tengu conjurers
  3 red devils
  7 trolls
  8 guardian mummies
  12 meliai
  12 tyrant leeches
  13 hornets
  A queen bee (D:14)
  3 polar bears
  A sphinx simulacrum (Vaults:3)
  A fire dragon zombie (Crypt:1)
  3 ettin zombies
  31 jumping spiders
  A tengu simulacrum (Vaults:2)
  A shadow dragon simulacrum (Vaults:2)
  An alligator zombie (Crypt:3)
  16 dream sheep
  A meliai zombie (D:10)
  A stone giant simulacrum (Crypt:1)
  9 blink frogs
  An ettin skeleton (Vaults:3)
  5 shadows
  32 tarantellas
  An iron dragon simulacrum (Crypt:1)
  4 air elementals
  A centaur simulacrum (D:14)
  80 redbacks
  5 starcursed masses (Abyss:3)
  Sigmund (D:2)
  5 spriggans
  8 vampires
  A ynoxinul (Abyss:3)
  A redback (shapeshifter) (Elf:1)
  A spriggan (shapeshifter) (D:15)
  18 wraiths
  3 fire elementals
  3 wyverns
  5 water elementals
  5 fire bats (Volcano)
  9 basilisks
  6 hogs (D:15)
  A human (D:14)
  A steam dragon (D:8)
  A hog (shapeshifter) (Vaults:5)
  A black mamba skeleton (Crypt:2)
  48 yaks
  8 golden eyes
  A neqoxec (Abyss:3)
  A glowing shapeshifter zombie (Crypt:1)
  A catoblepas simulacrum (Crypt:2)
  2 chaos spawn
  2 human simulacra (Vaults:3)
  6 vampire mosquitoes
  12 swamp worms
  A large abomination (D:10)
  2 acid dragons
  4 wargs
  A hell hound (Volcano)
  11 water moccasins
  2 floating eyes (D:15)
  A gelid demonspawn skeleton (Crypt:1)
  An infernal demonspawn skeleton (Crypt:2)
  6 swamp drakes
  An ice beast (D:8)
  A cane toad skeleton (Crypt:1)
  44 orc warriors
  A black bear (Lair:4)
  11 ogres
  3 necrophages
  A manticore skeleton (Crypt:1)
  7 wolves
  18 centaurs
  A hog zombie (Crypt:3)
  A swamp dragon skeleton (Crypt:2)
  A kobold brigand (D:10)
  14 bullfrogs
  2 gnoll sergeants
  5 earth elementals
  2 scorpions
  A palentonga skeleton (Crypt:2)
  A wyvern skeleton (D:6)
  2 cane toad simulacra
  A water moccasin skeleton (D:4)
  A cyclops skeleton (Crypt:3)
  39 killer bees
  2 spriggan skeletons (Crypt:3)
  A yak skeleton (Crypt:2)
  A howler monkey (D:14)
  3 wights (D:8)
  An electric eel (Spider:3)
  A wolf zombie (Crypt:1)
  6 lava snakes (Volcano)
  5 centaur zombies
  A bullfrog skeleton (D:6)
  13 orc priests
  A demonspawn zombie (Crypt:3)
  5 jellies
  3 bullfrog zombies (D:6)
  4 centaur skeletons
  3 iguanas
  An iguana (shapeshifter) (Vaults:5)
  Natasha (thrice) (D:3)
  16 orc wizards
  6 hell rats (Lair:1)
  A killer bee zombie (D:8)
  A naga skeleton (Crypt:1)
  A hound skeleton (D:4)
  A mummy (Crypt:3)
  3 howler monkey zombies
  3 adders
  12 gnolls
  2 shadow imps
  A swamp drake skeleton (Crypt:1)
  2 white imps
  2 ufetubi
  An adder zombie (Crypt:1)
  An adder skeleton (D:4)
  A worm (D:2)
  2 barachi skeletons (Crypt:2)
  A barachi zombie (Crypt:3)
  A dart slug (D:4)
  77 orcs
  6 bats
  9 endoplasms
  3 giant cockroaches
  3 goblins (D:3)
  10 hobgoblins
  2 jackals (D:4)
  7 kobolds
  A quokka (D:4)
  10 ball pythons
  A ball python skeleton (Crypt:1)
  2 frilled lizards
  A jackal skeleton (Crypt:3)
  25 rats
  A rat skeleton (Crypt:3)
  4 butterflies
2409 creatures vanquished.

Vanquished Creatures (collateral kills)
  2 quicksilver oozes (Slime:5)
  A hobgoblin (D:3)
3 creatures vanquished.

Vanquished Creatures (others)
  A quicksilver dragon (Zot:2)
  A draconian shifter (Zot:2)
  A stone giant (Depths:2)
  A bunyip (Swamp:4)
  A dancing weapon (Elf:2)
  2 deep elf knights (Elf:3)
  A deep troll (Vaults:3)
  2 goliath frogs
  A phantasmal warrior (Vaults:5)
  A wizard (Depths:2)
  3 deep elf zephyrmancers
  A bloated husk (Swamp:3)
  A jumping spider (Spider:3)
  An air elemental (Elf:2)
  A fire elemental (Elf:2)
  A spriggan (Swamp:2)
  2 golden eyes (Abyss:3)
  3 large abominations (Abyss:3)
  2 swamp drakes (Swamp:4)
  3 small abominations (Abyss:3)
  An orc (Orc:2)
  A bush (Lair:5)
  24 foxfires
  18 fungi
  2 lurking horrors (Abyss:3)
  51 plants
  2 withered plants (Vaults:4)
129 creatures vanquished.

Grand Total: 2541 creatures vanquished

Notes
Turn   | Place    | Note
-------+----------+-------------------------------------------
     0 | D:1      | Wyvernaa the Vine Stalker Fighter began the quest for the
                  | Orb.
     0 | D:1      | Reached XP level 1. HP: 11/11 MP: 2/2
   253 | D:1      | Reached XP level 2. HP: 11/16 MP: 1/3
   873 | D:1      | Reached skill level 1 in Spellcasting
   873 | D:1      | Reached XP level 3. HP: 18/19 MP: 5/5
  1266 | D:2      | You fall into a shaft and drop 2 floors!
  1373 | D:4      | Gained mutation: Your natural rate of healing is unusually
                  | fast. [Vine Stalker growth]
  1373 | D:4      | Reached XP level 4. HP: 2/23 MP: 2/6
  1684 | D:4      | Reached skill level 1 in Stealth
  1684 | D:4      | Reached XP level 5. HP: 23/28 MP: 5/8
  1793 | D:2      | Noticed Sigmund
  1895 | D:2      | Found a glowing golden altar of the Shining One.
  2407 | D:2      | Killed Sigmund
  2408 | D:2      | Reached skill level 3 in Fighting
  2408 | D:2      | Reached XP level 6. HP: 28/32 MP: 5/10
  2994 | D:2      | Found a faded altar of an unknown god.
  3381 | D:3      | Noticed Natasha
  3391 | D:3      | Killed Natasha
  3790 | D:3      | Reached XP level 7. HP: 35/36 MP: 11/11
  3937 | D:3      | Noticed Natasha
  3944 | D:3      | Killed Natasha
  3947 | D:3      | Noticed Natasha
  3954 | D:3      | Killed Natasha
  4499 | D:4      | Reached skill level 5 in Short Blades
  4695 | D:5      | Entered Level 5 of the Dungeon
  4949 | D:5      | Noticed a yak
  4957 | D:5      | Killed a yak
  4958 | D:5      | Reached skill level 1 in Throwing
  4958 | D:5      | Reached skill level 1 in Dodging
  4958 | D:5      | Gained mutation: You have razor-sharp teeth. [Vine Stalker
                  | growth]
  4958 | D:5      | Reached XP level 8. HP: 40/40 MP: 13/13
  5400 | D:6      | Found a shadowy altar of Dithmenos.
  5515 | D:6      | Identified the +2 dagger of Duty {vorpal, rPois rF+ Dex+4}
  5695 | D:6      | Found a staircase to the Ecumenical Temple.
  6109 | D:7      | Noticed Pikel
  6190 | D:7      | Killed Pikel
  6191 | D:7      | Reached XP level 9. HP: 41/44 MP: 16/16
  6419 | D:7      | Noticed a kobold demonologist
  6420 | D:7      | Noticed a two-headed ogre
  6421 | D:7      | Noticed a rust devil
  6540 | Temple   | Entered the Ecumenical Temple
  6808 | Temple   | Became a worshipper of Warmaster Okawaru
  6967 | D:7      | Found a snail-covered altar of Cheibriados.
  6970 | D:7      | Found a hide-covered altar of Uskayaw.
  6972 | D:7      | Found a burning altar of Makhleb.
  7105 | D:7      | Noticed a sixfirhy
  7114 | D:7      | Killed a kobold demonologist
  7122 | D:7      | Noticed an orc knight
  7123 | D:7      | Noticed a troll
  7217 | D:7      | Noticed a cyclops
  7227 | D:7      | Noticed a deep elf pyromancer
  7233 | D:7      | Killed a cyclops
  7233 | D:7      | Reached * piety under Okawaru
  7280 | D:8      | Found a staircase to the Lair.
  7308 | D:8      | Found a shimmering altar of Xom.
  7332 | D:8      | Reached skill level 4 in Fighting
  7345 | D:8      | Reached ** piety under Okawaru
  7346 | D:8      | Reached skill level 5 in Throwing
  7346 | D:8      | Reached XP level 10. HP: 25/49 MP: 18/18
  7562 | D:8      | Found a glowing golden altar of the Shining One.
  7982 | D:8      | Reached skill level 5 in Spellcasting
  8016 | D:8      | Reached skill level 5 in Shields
  8424 | D:8      | Identified a scroll of acquirement
  8425 | D:8      | Acquired the amulet of Leaves {Reflect +Blink rElec rF++
                  | Dex+3 SH+5}
  8471 | D:8      | Reached *** piety under Okawaru
  8506 | D:8      | Received a gift from Okawaru
  8534 | D:9      | Found an opulent altar of Gozag.
  8755 | D:9      | Noticed a two-headed ogre
  8777 | D:9      | Killed a two-headed ogre
  8778 | D:9      | Reached skill level 5 in Armour
  8914 | D:9      | Noticed a two-headed ogre
  8925 | D:10     | Entered Level 10 of the Dungeon
  8937 | D:9      | Reached skill level 1 in Invocations
  8941 | D:9      | Killed a two-headed ogre
  8941 | D:9      | Reached **** piety under Okawaru
  8942 | D:9      | Reached XP level 11. HP: 42/54 MP: 20/20
  9325 | D:10     | Noticed a boulder beetle
  9364 | D:10     | Killed a boulder beetle
  9399 | D:10     | Found a one-way gate to the infinite horrors of the Abyss.
  9399 | D:10     | Noticed fiver49's ghost (novice NaWn)
  9468 | D:10     | Found a white marble altar of Elyvilon.
  9484 | D:10     | Reached skill level 10 in Short Blades
  9516 | D:10     | Found the ring of the Hare {EV+8}
  9556 | D:10     | Found a transporter.
  9588 | D:10     | Found a transporter.
  9709 | D:10     | Received a gift from Okawaru
  9752 | D:10     | Found a staircase to the Orcish Mines.
 10194 | D:10     | Killed fiver49's ghost
 10200 | D:10     | Reached ***** piety under Okawaru
 10209 | D:10     | Received a gift from Okawaru
 10406 | D:11     | Found an ornate altar of the Wu Jian Council.
 10841 | Lair:1   | Entered Level 1 of the Lair of Beasts
 10904 | Lair:1   | Received a gift from Okawaru
 11042 | Lair:1   | Reached skill level 5 in Fighting
 11057 | Lair:1   | Received a gift from Okawaru
 11141 | Lair:1   | Reached XP level 12. HP: 60/60 MP: 23/23
 11387 | Lair:1   | Noticed a five-headed hydra
 11402 | Lair:1   | Killed a five-headed hydra
 11402 | Lair:1   | Received a gift from Okawaru
 11848 | Lair:2   | Noticed Fannar
 11868 | Lair:1   | Killed Fannar
 11954 | Lair:2   | Noticed a four-headed hydra
 11968 | Lair:2   | Killed a four-headed hydra
 11969 | Lair:2   | Reached skill level 5 in Invocations
 12194 | Lair:2   | Found a staircase to the Swamp.
 12397 | Lair:2   | Reached skill level 10 in Throwing
 12892 | Lair:1   | Reached XP level 13. HP: 56/63 MP: 21/25
 13096 | Lair:3   | Noticed Gastronok
 13121 | Lair:3   | Received a gift from Okawaru
 13307 | Lair:3   | Killed Gastronok
 13500 | Lair:3   | Received a gift from Okawaru
 14210 | Lair:4   | Reached ****** piety under Okawaru
 14232 | Lair:4   | Received a gift from Okawaru
 14259 | Lair:4   | Found a dark tunnel.
 14266 | Volcano  | Entered a volcano
 14472 | Volcano  | Found a bloodstained altar of Trog.
 14548 | Volcano  | Identified the +0 pair of gloves of Sunoafuk {Str+5}
                  | (Okawaru gifted it to you in a volcano)
 14548 | Volcano  | Received a gift from Okawaru
 14944 | Lair:4   | Reached XP level 14. HP: 69/69 MP: 27/27
 15067 | Lair:4   | Found a runed translucent door.
 15071 | Lair:4   | Noticed quinnr's ghost (journeyman TeAE)
 15296 | Lair:4   | Found a hole to the Spider Nest.
 15301 | Lair:4   | Reached skill level 6 in Fighting
 15558 | Lair:5   | Noticed Rupert
 15591 | Lair:5   | Killed Rupert
 15744 | Lair:5   | Received a gift from Okawaru
 15964 | Lair:5   | Noticed Josephine
 15977 | Lair:5   | Killed Josephine
 16127 | Lair:5   | Acquired a +4 quick blade
 16208 | Lair:5   | Found a viscous altar of Jiyva.
 16208 | Lair:5   | Found a staircase to the Slime Pits.
 16439 | Lair:5   | Reached skill level 10 in Shields
 17628 | D:12     | Reached XP level 15. HP: 74/74 MP: 29/29
 18650 | D:13     | Identified the +5 dagger "Necs" {drain, +Blink} (Okawaru
                  | gifted it to you on level 13 of the Dungeon)
 18650 | D:13     | Received a gift from Okawaru
 19173 | D:14     | Found a sparkling altar of Nemelex Xobeh.
 19726 | D:14     | Received a gift from Okawaru
 19784 | D:14     | Found a gate to the Vaults.
 20349 | D:14     | Identified the +2 leather armour of Muttered Phrases {+Inv
                  | rPois rF- Str-3}
 20377 | D:14     | Reached skill level 7 in Fighting
 20702 | D:14     | Received a gift from Okawaru
 21147 | D:15     | Entered Level 15 of the Dungeon
 21191 | D:15     | Received a gift from Okawaru
 21225 | D:15     | Found Xawesave's Armour Boutique.
 21244 | D:15     | Bought the +18 shield of the Gong {rElec rN+ Will+ EV-5}
                  | for 1459 gold pieces
 21244 | D:15     | Found the +18 shield of the Gong {rElec rN+ Will+ EV-5}
 21261 | D:15     | Bought a +0 helmet of see invisible for 172 gold pieces
 21307 | D:15     | Reached skill level 10 in Spellcasting
 21307 | D:15     | Reached XP level 16. HP: 78/80 MP: 29/31
 21317 | D:15     | Paralysed by a floating eye for 4 turns
 21321 | D:15     | Identified the ring "Naiqadint" {rPois rF+ rN+ MP+9}
 21497 | D:15     | Found a transporter.
 21826 | D:15     | Identified the +9 short sword "Grim Tooth" {speed, rC+ rN+
                  | Int+6 Stlth-} (Okawaru gifted it to you on level 15 of the
                  | Dungeon)
 21826 | D:15     | Received a gift from Okawaru
 21849 | D:15     | Found Sunyfyrel's Magic Scroll Boutique.
 21890 | D:15     | Identified the ring of Raog {Fire *Corrode Dex+4}
 22006 | D:15     | Paralysed by a floating eye for 2 turns
 22025 | D:15     | Noticed Kirke
 22094 | D:14     | Killed Kirke
 22210 | D:15     | Identified the ring "Cis Zioss" {Ice Contam rPois Str+4
                  | Dex+3}
 22337 | D:15     | Received a gift from Okawaru
 22448 | D:15     | Found a staircase to the Depths.
 22525 | D:15     | Found a transporter.
 22648 | D:15     | Found Qetih's Distillery.
 22860 | Orc:1    | Entered Level 1 of the Orcish Mines
 23174 | Orc:2    | Entered Level 2 of the Orcish Mines
 23314 | Orc:2    | Noticed Sonja
 23323 | Orc:1    | Reached skill level 8 in Fighting
 23373 | Orc:2    | Killed Sonja
 23491 | Orc:2    | Reached XP level 17. HP: 80/85 MP: 32/32
 23859 | Orc:2    | Found Mefoxut's Magic Scroll Boutique.
 23859 | Orc:2    | Found Tuusolad's Weapon Shoppe.
 23861 | Orc:2    | Found Voutoqot's Magic Scroll Emporium.
 23863 | Orc:2    | Found Otowom's Magic Scroll Shop.
 24044 | Orc:2    | Found a staircase to the Elven Halls.
 24156 | Orc:1    | Found Dyseidd's Antique Weapon Shop.
 24480 | D:15     | Bought a scroll of acquirement for 676 gold pieces
 24679 | Orc:2    | Bought a scroll of enchant armour for 105 gold pieces
 24681 | Orc:2    | Bought a scroll of enchant armour for 105 gold pieces
 24681 | Orc:2    | Acquired the +2 pair of gloves of the Desert {Rampage rElec
                  | rPois rCorr}
 25051 | Spider:1 | Entered Level 1 of the Spider Nest
 25134 | Lair:4   | Received a gift from Okawaru
 25508 | Spider:1 | Received a gift from Okawaru
 26362 | Spider:2 | Received a gift from Okawaru
 26455 | Spider:2 | Acquired 950 gold pieces
 26744 | Spider:3 | Received a gift from Okawaru
 26841 | Spider:3 | Received a gift from Okawaru
 26982 | Spider:3 | Reached skill level 10 in Invocations
 27403 | Spider:4 | Entered Level 4 of the Spider Nest
 27996 | Spider:3 | Received a gift from Okawaru
 28094 | Spider:4 | Received a gift from Okawaru
 28095 | Spider:4 | Reached XP level 18. HP: 85/91 MP: 34/34
 28467 | Spider:4 | Reached skill level 15 in Shields
 28704 | Spider:4 | Received a gift from Okawaru
 28750 | Spider:4 | Got a gossamer rune of Zot
 29097 | Lair:4   | Killed quinnr's ghost
 29177 | Swamp:1  | Entered Level 1 of the Swamp
 29210 | Swamp:1  | Received a gift from Okawaru
 29319 | Swamp:1  | Reached skill level 9 in Fighting
 30026 | Swamp:1  | Identified the +1 scale mail of Dojyana {Regen+} (Okawaru
                  | gifted it to you on level 1 of the Swamp)
 30026 | Swamp:1  | Received a gift from Okawaru
 30853 | Swamp:4  | Entered Level 4 of the Swamp
 31410 | Swamp:3  | Upgraded the game from 0.27-a0-1612-gde56a17b89 to
                  | 0.28-a0-2-g643f2454ad
 31538 | Swamp:3  | Reached XP level 19. HP: 81/98 MP: 36/36
 31831 | Swamp:4  | Reached skill level 10 in Fighting
 31966 | Swamp:4  | Noticed the 27-headed Lernaean hydra
 32419 | Swamp:4  | Killed the 27-headed Lernaean hydra
 32419 | Swamp:4  | Received a gift from Okawaru
 32659 | Swamp:4  | Got a decaying rune of Zot
 32694 | Swamp:4  | Identified the +1 ring mail "Trusted Companion" {rC- Regen+
                  | Str+5}
 33242 | Vaults:1 | Entered Level 1 of the Vaults
 33242 | Vaults:1 | Found Copucar's Weapon Emporium.
 33374 | Vaults:1 | Received a gift from Okawaru
 33498 | Vaults:1 | Reached skill level 10 in Armour
 33610 | Vaults:1 | Found Mapla's Book Shoppe.
 33847 | Vaults:1 | Received a gift from Okawaru
 33940 | Vaults:1 | Received a gift from Okawaru
 33964 | Vaults:1 | Noticed Donald
 33987 | Vaults:1 | Killed Donald
 33997 | Vaults:1 | Received a gift from Okawaru
 34116 | Vaults:1 | Received a gift from Okawaru
 34201 | Vaults:1 | Reached XP level 20. HP: 104/104 MP: 37/37
 34210 | Vaults:1 | Received a gift from Okawaru
 34229 | Vaults:1 | Reached skill level 11 in Fighting
 34344 | Vaults:1 | Received a gift from Okawaru
 34482 | Vaults:1 | Found a runed translucent gate.
 34482 | Vaults:1 | Found a runed translucent gate.
 34483 | Vaults:1 | Found a runed translucent gate.
 34483 | Vaults:1 | Identified the +1 chain mail of the Meadowlark {rC+ SInv}
 34483 | Vaults:1 | Identified the +0 tower shield of Hukestro {*Slow Fly rC+++
                  | Str-2}
 34484 | Vaults:1 | Identified the +1 scale mail of Eternal Night {rPois rC-
                  | rN+++ Str+5}
 34485 | Vaults:1 | Noticed Quudwopt's ghost (adept MfGl)
 34572 | Vaults:1 | Received a gift from Okawaru
 34906 | Vaults:1 | Killed Quudwopt's ghost
 35127 | Vaults:2 | Found a transporter.
 35143 | Vaults:2 | Found a transporter.
 35380 | Vaults:2 | Found a huge runed gate.
 35380 | Vaults:2 | Found a huge runed gate.
 35402 | Vaults:2 | Found a huge runed gate.
 35402 | Vaults:2 | Found a huge runed gate.
 35402 | Vaults:2 | Found a huge runed gate.
 35403 | Vaults:2 | Found a huge runed gate.
 35403 | Vaults:2 | Found a huge runed gate.
 35403 | Vaults:2 | Found a huge runed gate.
 35404 | Vaults:2 | Found a huge runed gate.
 35404 | Vaults:2 | Found a huge runed gate.
 35409 | Vaults:2 | Found a huge runed gate.
 35409 | Vaults:2 | Found a huge runed gate.
 35409 | Vaults:2 | Found a huge runed gate.
 35409 | Vaults:2 | Found a huge runed gate.
 35409 | Vaults:2 | Found a huge runed gate.
 35409 | Vaults:2 | Found a huge runed gate.
 35410 | Vaults:2 | Found a huge runed gate.
 35411 | Vaults:2 | Found a huge runed gate.
 35412 | Vaults:2 | Found a huge runed gate.
 35420 | Vaults:2 | Found a huge runed gate.
 35420 | Vaults:2 | Found a huge runed gate.
 35420 | Vaults:2 | Found a huge runed gate.
 35420 | Vaults:2 | Found a huge runed gate.
 35420 | Vaults:2 | Found a huge runed gate.
 35420 | Vaults:2 | Found a huge runed gate.
 35421 | Vaults:2 | Found a huge runed gate.
 35509 | Vaults:2 | Found a huge runed gate.
 35510 | Vaults:2 | Found a huge runed gate.
 35518 | Vaults:2 | Found a huge runed gate.
 35518 | Vaults:2 | Found a huge runed gate.
 35518 | Vaults:2 | Found a huge runed gate.
 35518 | Vaults:2 | Found a huge runed gate.
 35518 | Vaults:2 | Found a huge runed gate.
 35518 | Vaults:2 | Found a huge runed gate.
 35519 | Vaults:2 | Found a huge runed gate.
 35520 | Vaults:2 | Found a huge runed gate.
 36009 | Vaults:2 | Reached skill level 5 in Dodging
 36609 | Vaults:3 | Reached skill level 12 in Fighting
 36930 | Vaults:3 | Identified the +4 rapier of Wabbeywy {drain, rN+ rCorr}
                  | (Okawaru gifted it to you on level 3 of the Vaults)
 36930 | Vaults:3 | Received a gift from Okawaru
 36931 | Vaults:3 | Reached skill level 15 in Throwing
 37086 | Vaults:2 | Reached XP level 21. HP: 96/112 MP: 39/39
 37360 | Vaults:3 | Received a gift from Okawaru
 37575 | Vaults:3 | Reached skill level 13 in Fighting
 37929 | Vaults:3 | Found a staircase to the Crypt.
 38158 | Vaults:3 | Found a portal to a secret trove of treasure.
 38695 | D:15     | Bought a scroll of enchant weapon for 97 gold pieces
 38726 | Depths:1 | Entered Level 1 of the Depths
 39297 | Vaults:4 | Noticed Boris
 39329 | Vaults:4 | Killed Boris
 39329 | Vaults:4 | Received a gift from Okawaru
 39331 | Vaults:4 | Found a runed translucent gate.
 39331 | Vaults:4 | Found a runed translucent gate.
 39331 | Vaults:4 | Noticed Ugguttuj's ghost (veteran DrWn)
 39331 | Vaults:4 | Noticed Qanuace's ghost (veteran DsFi)
 39331 | Vaults:4 | Noticed AgonHex's ghost (veteran HOFi)
 39338 | Vaults:4 | Found a runed translucent gate.
 39339 | Vaults:4 | Noticed Getoffmy's ghost (veteran GrFi)
 39606 | Vaults:4 | Received a gift from Okawaru
 39781 | Vaults:4 | Received a gift from Okawaru
 39904 | Vaults:4 | Received a gift from Okawaru
 40213 | Vaults:4 | Found a transporter.
 40256 | Vaults:4 | Found a transporter.
 40378 | Vaults:5 | Entered Level 5 of the Vaults
 40451 | Vaults:4 | Reached XP level 22. HP: 102/119 MP: 41/41
 40850 | Vaults:4 | Received a gift from Okawaru
 41071 | Vaults:5 | Noticed a golden dragon
 41192 | Vaults:4 | Received a gift from Okawaru
 41949 | Vaults:4 | Received a gift from Okawaru
 42716 | Vaults:4 | Reached skill level 14 in Fighting
 43011 | Vaults:4 | Identified the +1 plate armour of Okawaru's Wrath {Str-3
                  | Int+5 Stlth+} (Okawaru gifted it to you on level 4 of the
                  | Vaults)
 43011 | Vaults:4 | Received a gift from Okawaru
 43350 | Vaults:5 | Identified the +2 robe of a Labyrinth {Int+4}
 43350 | Vaults:5 | Identified the ring of Duec {Fire Drain +Blink rPois}
 43433 | Vaults:5 | Cast into level 3 of the Abyss (a deep elf sorcerer)
 43601 | Abyss:3  | Reached skill level 1 in Long Blades
 44138 | Abyss:3  | Found a corrupted altar of Lugonu.
 44206 | Vaults:5 | Escaped the Abyss
 44434 | Vaults:5 | Identified the ring "Decyquv" {Str+6 Dex+4}
 44602 | Vaults:5 | Identified the ring of Woinusk {Fly rC++ Will+ Slay-3}
 44669 | Vaults:5 | Received a gift from Okawaru
 44686 | Vaults:5 | Reached XP level 23. HP: 125/125 MP: 42/42
 44691 | Vaults:5 | Received a gift from Okawaru
 44830 | Vaults:5 | Identified the +11 morningstar of the Eternal Void {vorpal,
                  | Drain *Slow rElec rN+++}
 45089 | Vaults:5 | Reached skill level 15 in Spellcasting
 45261 | Vaults:5 | Reached skill level 5 in Long Blades
 45267 | Vaults:5 | Received a gift from Okawaru
 45363 | Vaults:5 | Got the Volume of Twisted Weightlessness
 45365 | Vaults:5 | Identified the +5 cloak "Fuawnila" {*Corrode Fly rF+++
                  | Dex-5}
 45463 | Vaults:5 | Received a gift from Okawaru
 45549 | Vaults:5 | Noticed a golden dragon
 45562 | Vaults:5 | Killed a golden dragon
 45665 | Vaults:5 | Received a gift from Okawaru
 45769 | Vaults:5 | Got the Volume of the Flying Escort
 45864 | Vaults:5 | Got a silver rune of Zot
 46405 | Depths:1 | Received a gift from Okawaru
 46554 | Depths:1 | Noticed Saint Roka
 46567 | Depths:1 | Killed Saint Roka
 46659 | Depths:1 | Found Diuhaun's Neck Hole.
 46663 | Depths:1 | Bought a +0 cloak of willpower for 230 gold pieces
 46759 | Depths:1 | Found a gateway to Hell.
 46933 | Depths:1 | Noticed Margery
 46954 | Depths:1 | Killed Margery
 46962 | Depths:1 | Received a gift from Okawaru
 47183 | Depths:1 | Found Tewebra's Antique Weapon Shop.
 47650 | Depths:2 | Received a gift from Okawaru
 47677 | Depths:2 | Found a one-way gate leading to the halls of Pandemonium.
 48332 | Depths:2 | Noticed Boris
 48334 | Depths:2 | Received a gift from Okawaru
 48354 | Depths:2 | Killed Boris
 48380 | Depths:2 | Received a gift from Okawaru
 48732 | Depths:2 | Reached XP level 24. HP: 130/130 MP: 43/43
 49127 | Depths:2 | Reached skill level 15 in Fighting
 49127 | Depths:2 | Reached skill level 15 in Invocations
 49304 | Depths:3 | Found a large runed translucent door.
 49304 | Depths:3 | Found a large runed translucent door.
 49409 | Depths:3 | Noticed Qiadic's ghost (adept HaHu)
 49786 | Depths:3 | Identified the +7 triple sword of the Chopping Hero
                  | {vorpal, rN+} (Okawaru gifted it to you on level 3 of the
                  | Depths)
 49786 | Depths:3 | Received a gift from Okawaru
 49855 | Depths:3 | Identified the +7 chain mail "Ymialiec" {Drain rF+ Int+6}
 50764 | Depths:4 | Identified the +6 dagger "Miestotidi" {antimagic, Contam
                  | rC+ Str+8 Int+2} (Okawaru gifted it to you on level 4 of
                  | the Depths)
 50764 | Depths:4 | Received a gift from Okawaru
 50797 | Depths:4 | Identified the +8 chain mail "Qoin" {rN+}
 50884 | Depths:4 | Found Eciar Vos's Book Boutique.
 50885 | Depths:4 | Found Piumorgh's Jewellery Emporium.
 50887 | Depths:4 | Found Gicusapp's Book Boutique.
 51218 | Depths:4 | Identified the +0 buckler "Daymuoq" {rC++ Stlth+}
 51349 | Depths:4 | Found a gateway to a ziggurat.
 51349 | Depths:4 | Noticed an ancient lich
 51471 | Depths:4 | Found a runed translucent door.
 51907 | Depths:5 | Entered Level 5 of the Depths
 51977 | Depths:5 | Reached skill level 16 in Fighting
 52015 | Depths:5 | Received a gift from Okawaru
 52586 | Vaults:3 | You paid a toll of a +6 demon blade to enter a treasure
                  | trove
 52587 | Trove    | Entered a treasure trove
 52641 | Trove    | Got Sif Muna's Papyrus of Harmful Stolen Souls
 52654 | Trove    | Got Sif Muna's Catalogue of Destructive Moulding
 52665 | Trove    | Got Titeunyn's Collected Works on Creative Curses
 53118 | Depths:5 | Found an ancient bone altar of Kikubaaqudgha.
 53214 | Depths:5 | Found a shimmering altar of Xom.
 53539 | Depths:5 | Reached XP level 25. HP: 139/139 MP: 44/44
 53590 | Depths:5 | Received a gift from Okawaru
 53736 | Depths:5 | Reached skill level 17 in Fighting
 53783 | Depths:5 | Found a gate to the Realm of Zot.
 53832 | Depths:5 | Received a gift from Okawaru
 54825 | Elf:1    | Entered Level 1 of the Elven Halls
 55031 | Elf:1    | You fall into a shaft and drop 1 floor!
 55036 | Elf:2    | Reached skill level 18 in Fighting
 55036 | Elf:2    | Received a gift from Okawaru
 55037 | Elf:2    | Found the +1 cloak of Starlight {*Dazzle EV+4 Stlth--}
 55165 | Elf:2    | Acquired 821 gold pieces
 55279 | Elf:1    | Paralysed by an air elemental for 1 turns
 55658 | Elf:1    | Found an ancient bone altar of Kikubaaqudgha.
 55907 | Elf:1    | Identified the +2 chain mail "Yfrih" {Fly rPois Regen+
                  | Stlth+}
 56184 | Elf:2    | Reached skill level 15 in Armour
 56184 | Elf:2    | Found an ancient bone altar of Kikubaaqudgha.
 56214 | Elf:2    | Noticed Louise
 56237 | Elf:2    | Killed Louise
 56338 | Elf:2    | Found a runed translucent gate.
 56339 | Elf:2    | Found a runed translucent gate.
 56339 | Elf:2    | Found a runed translucent gate.
 56359 | Elf:2    | Reached skill level 19 in Fighting
 56702 | Elf:3    | Entered Level 3 of the Elven Halls
 56903 | Elf:3    | Identified Roxanne's Tome of Changing
 56903 | Elf:3    | Noticed Roxanne
 56969 | Elf:3    | Received a gift from Okawaru
 56978 | Elf:3    | Killed Roxanne
 56979 | Elf:3    | Reached XP level 26. HP: 150/150 MP: 45/45
 57055 | Elf:3    | Found Wyixok's Jewellery Shop.
 57429 | Elf:3    | Identified the +8 morningstar of a wizard's laboratory
                  | {venom, Int+9 Stlth-}
 57429 | Elf:3    | Identified the +5 war axe "Cieboeh" {vorpal, rC+ rN+}
 57429 | Elf:3    | Identified the +4 buckler of Fortification {rElec MP+9}
 57481 | Elf:3    | Received a gift from Okawaru
 57534 | Elf:3    | Identified the +9 great sword of Distant Worlds {vorpal,
                  | Str-4 Int+6}
 57534 | Elf:3    | Identified the +1 plate armour of Intuition {rN+ Stlth+}
 57537 | Elf:3    | Identified the +5 ring mail "Tigaug" {rF+ Slay+6}
 57537 | Elf:3    | Identified the ring of the Sturgeon {Fly rF+ Stlth+}
 57539 | Elf:3    | Noticed Bai Suzhen
 57540 | Elf:3    | Identified the ring "Pupla" {Fire Will+}
 57563 | Elf:3    | Killed Bai Suzhen
 57575 | Elf:3    | Killed the ghostly Bai Suzhen
 57577 | Elf:3    | Reached skill level 20 in Fighting
 58097 | Crypt:1  | Entered Level 1 of the Crypt
 58831 | Crypt:1  | Received a gift from Okawaru
 59213 | Crypt:1  | You fall into a shaft and drop 1 floor!
 59484 | Crypt:1  | You fall into a shaft and drop 1 floor!
 59819 | Crypt:1  | Acquired 498 gold pieces
 59860 | Crypt:1  | Acquired 812 gold pieces
 59924 | Crypt:1  | Identified the +5 short sword "Peps" {vorpal, Fly} (Okawaru
                  | gifted it to you on level 1 of the Crypt)
 59924 | Crypt:1  | Received a gift from Okawaru
 60581 | Crypt:3  | Entered Level 3 of the Crypt
 60740 | Crypt:2  | Reached XP level 27. HP: 158/158 MP: 47/47
 61148 | Crypt:3  | Received a gift from Okawaru
 61158 | Crypt:3  | Reached skill level 21 in Fighting
 61372 | Crypt:3  | Found an ancient bone altar of Kikubaaqudgha.
 61375 | Crypt:3  | Found a basalt altar of Yredelemnul.
 61427 | Crypt:3  | Identified the +9 scimitar "Asier" {spect, Str+5}
 61430 | Crypt:3  | Identified the +7 arbalest of Past Mistakes {flame, Drain
                  | Will+ Str+4 Dex+3}
 61659 | Crypt:3  | Found a runed translucent door.
 61717 | Crypt:3  | Noticed Hali's ghost (veteran FoFi)
 61759 | Crypt:3  | Killed Hali's ghost
 61761 | Crypt:3  | Identified the +8 chain mail of Odghumuq {rPois rF- rN+}
 61990 | Crypt:3  | Found a staircase to the Tomb.
 62201 | Crypt:3  | Identified the +8 broad axe of the Wolf {flame, Int+2}
 62626 | Zot:1    | Entered Level 1 of the Realm of Zot
 62906 | Zot:1    | Reached skill level 1 in Evocations
 62950 | Zot:1    | Identified the ring "Poetre" {Ice Str+4 Slay+6 SInv}
 63122 | Zot:1    | Received a gift from Okawaru
 63194 | Zot:1    | Received a gift from Okawaru
 63353 | Zot:1    | Received a gift from Okawaru
 64624 | Zot:2    | Acquired 965 gold pieces
 64916 | Zot:2    | Noticed an orb of fire
 64921 | Zot:2    | Gained mutation: You sometimes lose the ability to read
                  | scrolls when taking damage. [an orb of fire]
 64933 | Zot:2    | Killed an orb of fire
 64934 | Zot:2    | Reached skill level 22 in Fighting
 64999 | Zot:2    | Lost mutation: You sometimes lose the ability to read
                  | scrolls when taking damage. [potion of mutation]
 64999 | Zot:2    | Gained mutation: You have a pair of small horns on your
                  | head. [potion of mutation]
 64999 | Zot:2    | Gained mutation: Your system is resistant to poisons.
                  | (rPois) [potion of mutation]
 65058 | Zot:2    | Received a gift from Okawaru
 65165 | Zot:2    | Reached skill level 5 in Evocations
 65703 | Zot:3    | Received a gift from Okawaru
 65812 | Zot:3    | Received a gift from Okawaru
 65818 | Zot:3    | Noticed an orb of fire
 65837 | Zot:3    | Killed an orb of fire
 66880 | Zot:3    | You fall into a shaft and drop 1 floor!
 67195 | Zot:3    | Identified the +2 chain mail of the Trombone {Str+4 Slay+2}
                  | (Okawaru gifted it to you on level 3 of the Realm of Zot)
 67195 | Zot:3    | Received a gift from Okawaru
 68536 | Vaults:4 | Killed AgonHex's ghost
 68550 | Vaults:4 | Killed Qanuace's ghost
 68570 | Vaults:4 | Killed Ugguttuj's ghost
 68591 | Vaults:4 | Killed Getoffmy's ghost
 69093 | Zot:5    | Entered Level 5 of the Realm of Zot
 69256 | Zot:5    | Received a gift from Okawaru
 69356 | Zot:5    | Noticed an orb of fire
 69434 | Zot:5    | Reached skill level 23 in Fighting
 70543 | Zot:5    | Killed an orb of fire
 71210 | Zot:5    | Noticed an orb of fire
 71304 | Zot:5    | Noticed an ancient lich
 72150 | Zot:5    | Killed an orb of fire
 72150 | Zot:5    | Received a gift from Okawaru
 72688 | Zot:5    | Received a gift from Okawaru
 72812 | Zot:5    | Killed an ancient lich
 73533 | Slime:1  | Entered Level 1 of the Pits of Slime
 74390 | Slime:5  | Entered Level 5 of the Pits of Slime
 74922 | Slime:5  | Noticed the Royal Jelly
 74930 | Slime:5  | Killed the Royal Jelly
 74937 | Slime:5  | Slain by an acid blob

Illustrated notes

Levels and vault maps discovered:
D:1:      beargit_arrival_diablo_church, layout_basic
D:2:      layout_rooms, hellmonk_ecumenical_altar_defaced_shrine, basic_altar,
          nrook_uturn, minmay_misc_feat_x, st_stairs_6, fountainhead,
          hangedman_abyss_or_decor_lesser_grid, hangedman_decor_points,
          roderic_filled_cross, uniq_sigmund
D:3:      layout_basic, uniq_natasha
D:4:      layout_loops_corners, st_stairs_6, grunt_decor_fettered,
          grunt_ministairs_8, minmay_rat_hole
D:5:      layout_cave_pools, minmay_small_thing
D:6:      layout_basic, nicolae_dithmenos_the_darkroom,
          minmay_temple_entry_statues_fountains
D:7:      layout_rooms, grunt_temple_overflow_diamond, mrwooster_statue_mirror,
          minmay_the_grid_2x2 [minmay_the_grid_armoury,
          minmay_the_grid_minigrid_large, minmay_the_grid_embedded,
          minmay_the_grid_prize_trominoes], uniq_pikel
D:8:      layout_loops_corners, general_overflow_altar,
          mainiacjoe_overflow_catwalk, lair_entry_dummy, hex_medium,
          bh_walls_and_bars
D:9:      layout_basic, lemuel_doored_altar
D:10:     layout_roguey, elyvilon_altar_4, david_orc_1_choice,
          gammafunk_ghost_abyssal_escape
D:11:     layout_long_grid, nzn_wu_jian_contemplation
D:12:     layout_long_grid, st_stairs_1, drop_trap
D:13:     layout_grid_maze, roderic_roman_lattice
D:14:     regret_index_wax_grids, layout_long_grid,
          grunt_vaults_entry_fortified, nemelex_spade_bored_becter
D:15:     hangedman_spin_cycle
Temple:   minmay_temple_curvy_branch
Lair:1:   layout_roguey, serial_bayou_shore_a
Lair:2:   layout_roguey, skrybe_swamp_entry_bodies,
          portal_ice_cave_demonic_guard, serial_rivers,
          chequers_serial_rivers_marsh, chequers_serial_rivers_room_a,
          chequers_serial_rivers_micro_a, chequers_serial_rivers_micro_b,
          chequers_serial_rivers_marsh, lemuel_fruit_fields,
          infiniplex_staircase_pool_2, uniq_fannar
Lair:3:   layout_misc_corridors, serial_bayou, serial_bayou_pond_b,
          serial_bayou_pond_b, serial_bayou_pond_d, serial_bayou_pond_a,
          uniq_gastronok
Lair:4:   layout_roguey, spider_nest_entry_funnel_web,
          ebering_ghost_reflecting_pool, nicolae_volcano_entry_hallway
Lair:5:   nzn_winding_woodlands_stair_cross
          [nzn_winding_woodlands_5x15_concentric,
          nzn_winding_woodlands_center_triple_pond,
          nzn_winding_woodlands_5x15_lazy_stream,
          nzn_winding_woodlands_5x5_cross, nzn_winding_woodlands_5x5_open_star,
          nzn_winding_woodlands_5x15_garden, nzn_winding_woodlands_center_lodge,
          nzn_winding_woodlands_5x15_sawtooth], layout_hall_layers,
          dpeg_slime_entry_enclosed_altar, chequers_serial_rivers_marsh,
          minmay_hedge_maze, uniq_josephine, uniq_rupert
Swamp:1:  layout_falls_marsh, infiniplex_staircase_pool
Swamp:2:  layout_falls_marsh, evilmike_swamp_ruin_house_6
Swamp:3:  layout_falls_marsh, nicolae_swamp_tree_designs
Swamp:4:  grunt_swamp_rune_castle, layout_basic_swamp, swamp_pool4
Spider:1: layout_spider_delve, hangedman_spider_tarantella_strand
Spider:2: layout_spider_delve, nicolae_spider_cling_halls
Spider:3: layout_spider_delve
Spider:4: grunt_spider_rune_parallel
Slime:1:  layout_caves, cheibrodos_slime_lost_civilization_6
Slime:2:  layout_caves
Slime:3:  layout_caves, cheibrodos_slime_lost_civilization_7
Slime:4:  cheibrodos_slime_lost_civilization_1, layout_caves,
          cheibrodos_slime_lost_civilization_5
Slime:5
Orc:1:    layout_caves, serial_shops, nicolae_shop_overgrown_old_shop,
          david_defended_altar_orc
Orc:2:    st_orc_rangers, layout_caves, kennysheep_orc_chapel, uniq_sonja
Elf:1:    minmay_elf_arrival_circle, layout_rooms, basic_altar,
          evilmike_minifort, small_chamber_with_monster,
          kilobyte_rumbling_trees, uniq_kirke
Elf:2:    nicolae_elf_blades_crystal_corner, layout_geoelf_grid, basic_altar,
          uniq_louise
Elf:3:    minmay_elf_hall_statues, layout_geoelf_diagonals, serial_shops,
          nicolae_shop_waterfront, uniq_bai_suzhen, uniq_roxanne
Vaults:1: biasface_vaults_ghost_orc_armoury, nicolae_vaults_border_crossing,
          v_pattern_5, vaults_room_grunt_arrival_ludios,
          nicolae_vaults_mini_display_case, v_misc_33, vaults_room_door_ring,
          layout_vaults_omnigrid, serial_shops, shop, nicolae_shop_trees,
          uniq_donald
Vaults:2: vaults_not_door_vault_mu, gammafunk_the_bubble
          [the_bubble_gammafunk_crates], vaults_room_pools, v_misc_2, v_rooms_4,
          v_pattern_4, nicolae_vaults_asterisk, nicolae_vaults_little_squares_1,
          vaults_room_large_hall, dpeg_vaults_monster_box, vaults_dpeg_diagonal,
          layout_vaults_big_cross
Vaults:3: v_misc_16, nicolae_vaults_network_square, ontoclasm_vaults_gateway,
          grunt_vaults_diagonal, blue_anna_dwarven_crypt,
          nicolae_vaults_network_periphery, hangedman_vaults_restitches,
          v_misc_25, vaults_room_hallway, layout_vaults_big_room,
          nicolae_trove_entry_crystal
Vaults:4: gammafunk_vaults_ghost_cemetery, gammafunk_its_a_trap,
          vaults_mumra_hexcomb, grunt_vaults_twisty, hangedman_vaults_hat,
          nicolae_vaults_rhombus_5, nicolae_vaults_theta,
          vaults_room_semicircle, v_misc_3, v_rooms_2,
          hangedman_vaults_capsules, vaults_room_pool, ontoclasm_vaults_fault,
          layout_vaults_omnibox, uniq_boris
Vaults:5
Crypt:1:  layout_chaotic_city, hangedman_batty
Crypt:2:  layout_misc_corridors
Crypt:3:  lightli_unholy_cathedral, layout_chaotic_city,
          tomb_entry_sphere_bobbens, ebering_ghost_inner_flame
Depths:1: layout_honeycomb, serial_shops, nicolae_take_the_stairs,
          roderic_lattice_a, grunt_metal_band,
          nicolae_shop_sticking_my_neck_out, uniq_saint_roka
Depths:2: grunt_twist_and_shout, layout_honeycomb, serial_bayou_shore_b,
          abyss_entry, rand_demon_pan_entry_5, grunt_hell_entry_dis_mu,
          infiniplex_staircase_zigzag_1, firewood_loft
Depths:3: kennysheep_spiral_hall, layout_gridlike, minmay_stone_trees_small,
          grunt_pan_entry_spiral, ebering_ghost_disaster_area, hell_entry,
          kennysheep_generic_room_2
Depths:4: mu_elemental_laboratory, layout_gridlike, enter_ziggurat_c,
          abyss_entry_glasseish, hangedman_geh_valley,
          infiniplex_staircase_pillars_3a, serial_bayou_shore_b,
          minmay_shop_grove, serial_bayou_shore_b
Depths:5: grunt_zot_entry_tricorne, layout_gridlike, special_room
          [special_room_jelly], rand_demon_pan_entry_4,
          nicolae_kikubaaqudgha_miasma_corner, hell_entry, tgw_xom, uniq_margery
Zot:1:    cheibrodos_zot_enchanting_chambers, layout_basic
Zot:2:    kennysheep_ambush_hall, layout_cellular_growth, st_stairs_8,
          st_small_dragon_hoard_3
Zot:3:    lemuel_draconian_sentries, layout_gridlike, grunt_ministairs_9
Zot:4:    layout_misc_corridors, zot_minivault_4
Zot:5:    layout_basic, st_stairs_14

Skill      XL: |  1  2  3  4  5  6  7  8  9 10 11 12 13 14 15 16 17 18 19 20 21 22 23 24 25 26 27 |
---------------+----------------------------------------------------------------------------------+-----
Short Blades   | 2 3 4 5 7 8 9 10 11 12 13 14 | 14.0
Spellcasting   | 1 2 3 4 5 6 7 8 9 10 11 12 13 14 15 16 17 19 21 | 21.3
Shields        | 3 4 6 7 9 10 11 13 14 15 | 15.2
Stealth        | 1 2 |  2.5
Fighting       | 3 4 5 6 7 8 9 10 12 13 14 16 19 20 23 | 23.7
Armour         | 3 4 5 6 7 8 9 10 11 12 13 14 15 18 | 18.7
Throwing       | 1 3 5 6 8 10 11 12 13 14 15 16 | 16.0
Dodging        | 1 2 3 4 5 6 |  6.2
Invocations    | 1 3 5 6 7 8 9 10 11 12 13 14 15 17 18 20 | 20.8
Long Blades    | 4 8 |  8.6
Evocations     | 9 |  9.8

Action                   |  1- 3 |  4- 6 |  7- 9 | 10-12 | 13-15 | 16-18 | 19-21 | 22-24 | 25-27 || total
-------------------------+-------+-------+-------+-------+-------+-------+-------+-------+-------++-------
Melee: Rapier            |    73 |   115 |   225 |   645 |   528 |       |       |       |       ||  1586
       Bite              |    18 |    33 |    70 |   402 |  1011 |  1401 |  1342 |  1265 |  1952 ||  7494
       Quick blade       |       |       |       |       |  1030 |  1355 |  2261 |   524 |       ||  5170
       Short sword       |       |       |       |       |       |  1255 |       |       |       ||  1255
       Demon blade       |       |       |       |       |       |       |       |  1164 |  3180 ||  4344
       Triple sword      |       |       |       |       |       |       |       |   339 |       ||   339
       Headbutt          |       |       |       |       |       |       |       |       |   424 ||   424
       Unarmed           |       |       |       |       |       |       |       |       |    21 ||    21
Throw: Javelin           |       |       |    11 |    10 |     5 |     2 |       |       |    14 ||    42
Invok: Heroism           |       |       |       |     6 |     8 |     3 |     4 |     3 |    19 ||    43
       Finesse           |       |       |       |     1 |     5 |     3 |     4 |     3 |    17 ||    33
Evoke: Wand              |       |     2 |       |       |       |       |     3 |       |     6 ||    11
  Use: Scroll            |     5 |     1 |     8 |     9 |    15 |    10 |     3 |    20 |    25 ||    96
       Potion            |     1 |       |     1 |     2 |       |     1 |       |       |     5 ||    10
 Stab: Petrified         |       |       |       |       |     1 |       |       |       |       ||     1
       Held in net/web   |       |       |       |       |       |     2 |       |       |       ||     2
       Distracted        |       |       |       |       |       |       |       |     1 |     2 ||     3
       Invisible         |       |       |       |       |       |       |       |       |     5 ||     5
Armor: Scale mail        |    29 |    27 |    71 |     1 |       |       |       |       |       ||   128
       Plate armour      |       |       |       |   126 |   276 |   482 |   254 |   500 |       ||  1638
       Gold dragon scale |       |       |       |       |       |       |       |    15 |   887 ||   902
Dodge: Dodged            |    21 |    25 |    62 |   107 |   320 |   265 |    96 |   557 |   685 ||  2138
Block: Kite shield       |    41 |    59 |   119 |   321 |    15 |  2342 |  1265 |  1021 |  3149 ||  8332
       Reflection        |       |       |       |     1 |    42 |   109 |    73 |    37 |   102 ||   364
       Tower shield      |       |       |       |   186 |  1286 |       |       |   660 |   484 ||  2616
       Other             |       |       |       |       |       |       |       |    67 |     2 ||    69
       Rpst.: Demon blade |       |       |       |       |       |       |       |    26 |    81 ||   107
       Triple sword      |       |       |       |       |       |       |       |    54 |       ||    54

Table legend: (Time is in decaauts)
 A = Elapsed time spent in this place.
 B = Non-inter-level travel time spent in this place.
 C = Inter-level travel time spent in this place.
 D = Time resting spent in this place.
 E = Time spent auto-exploring this place.
 F = Levels seen in this place.
 G = Mean time per level.
                   A        B        C        D        E       F      G
               +--------+--------+--------+--------+--------+-----+--------+
         Total |  71234 |  63979 |   7255 |  13184 |  28997 |  60 | 1187.2 |
       Dungeon |  18126 |  15296 |   2830 |   1333 |   9420 |  15 | 1208.4 |
        Temple |    291 |    256 |     35 |      0 |    245 |   1 |  291.0 |
          Lair |   6473 |   5802 |    671 |    387 |   3293 |   5 | 1294.6 |
         Swamp |   3275 |   3129 |    146 |   1179 |   1095 |   4 |  818.8 |
   Spider Nest |   3156 |   2958 |    198 |    296 |   1710 |   4 |  789.0 |
    Slime Pits |   1250 |   1250 |      0 |    717 |      0 |   5 |  250.0 |
  Orcish Mines |   1644 |   1429 |    215 |    255 |    834 |   2 |  822.0 |
   Elven Halls |   2783 |   2620 |    163 |    301 |   1258 |   3 |  927.7 |
        Vaults |  11356 |  10207 |   1149 |   2660 |   4124 |   5 | 2271.2 |
         Crypt |   3724 |   3569 |    155 |    803 |   1633 |   3 | 1241.3 |
        Depths |   8550 |   7156 |   1394 |   1025 |   3720 |   5 | 1710.0 |
           Zot |   9289 |   8994 |    295 |   3682 |   1627 |   5 | 1857.8 |
         Abyss |    791 |    791 |      0 |    486 |      0 |   1 |  791.0 |
         Trove |     98 |     98 |      0 |      0 |      0 |   1 |   98.0 |
       Volcano |    422 |    422 |      0 |     56 |     36 |   1 |  422.0 |
               +--------+--------+--------+--------+--------+-----+--------+

Top non-repeatable levels by time:
   Zot:5: 3688 daAuts
Vaults:4: 3559 daAuts
    D:14: 2685 daAuts
Vaults:5: 2396 daAuts
Vaults:3: 2109 daAuts
Depths:1: 2068 daAuts
   Zot:3: 1980 daAuts
Vaults:2: 1844 daAuts
Depths:5: 1687 daAuts
Depths:4: 1682 daAuts
   Zot:1: 1652 daAuts
Depths:3: 1650 daAuts
     D:1: 1574 daAuts
    D:10: 1569 daAuts
 Crypt:3: 1510 daAuts
